 Dungeon Crawl Stone Soup version 0.21.1-1-g345015f (webtiles) character file.

58 Monsterracer the Insei (level 3, 0/24 HPs)
             Began as a Vampire Wizard on July 12, 2018.
             Slain by a goblin
             ... wielding a +0 dagger
             ... led by Robin
              (1 damage)
             ... on level 2 of the Dungeon.
             The game lasted 00:07:49 (2094 turns).

Monsterracer the Insei (Vampire Wizard)             Turns: 2094, Time: 00:07:49

Health: 0/24       AC:  2    Str:  5 (7)  XL:     3   Next: 75%
Magic:  7/7        EV: 12    Int: 18 (20) God:
Gold:   51         SH:  0    Dex:  9 (12) Spells: 5/8 levels left

rFire    . . .     SeeInvis +     - Unarmed
rCold    . . .     Gourm    .   (no shield)
rNeg     . . .     Faith    .   a - +0 robe
rPois    .         Spirit   .   b - +0 hat
rElec    .         Reflect  .   (no cloak)
rCorr    .         Harm     .   (no gloves)
MR       .....                  (no boots)
Stlth    ++........             (no amulet)
HPRegen  0.28/turn              (no ring)
MPRegen  0.10/turn              (no ring)

@: regenerating quickly
A: fangs 3, see invisible, unbreathing
a: no special abilities


You were on level 2 of the Dungeon.
You were full.

You visited 1 branch of the dungeon, and saw 2 of its levels.

You collected 51 gold pieces.

Inventory:

Armour
 a - a +0 robe (worn)
 b - a +0 hat (worn)
Scrolls
 f - a scroll of identify {unknown}
 g - a scroll of remove curse {unknown}
 h - a scroll of immolation {unknown}
 i - a scroll of enchant armour {unknown}
Potions
 d - a potion of curing
 q - 8 potions of blood


   Skills:
 - Level 2.1 Dodging
 - Level 3.0 Stealth
 + Level 3.8 Unarmed Combat
 - Level 3.0 Spellcasting
 - Level 0.6 Conjurations
   Level 1.0 Summonings
 - Level 0.7 Translocations


You had 5 spell levels left.
You knew the following spells:

 Your Spells              Type           Power        Failure   Level  Hunger
a - Magic Dart            Conj           #...         13%         1    None
e - Blink                 Tloc           N/A          19%         2    ##.....


Dungeon Overview and Level Annotations

Branches:
Dungeon (2/15)

Altars:

Annotations:
D:2 Robin, Sigmund


Innate Abilities, Weirdness & Mutations

Your natural rate of healing is unusually fast.
You have razor-sharp teeth.
You have supernaturally acute eyesight. (SInv)
You can survive without breathing.


Message History

The hobgoblin misses you.
You hit the hobgoblin but do no damage.
The hobgoblin is severely wounded.
The hobgoblin hits you.
* * * LOW HITPOINT WARNING * * *
You take 2 damage, and have 11/24 hp.
You barely miss the hobgoblin.
The hobgoblin is severely wounded.
The hobgoblin hits you but does no damage.
You barely miss the hobgoblin.
The hobgoblin is severely wounded.
The hobgoblin hits you but does no damage.
You hit the hobgoblin.
The hobgoblin is almost dead.
The hobgoblin closely misses you.
You barely miss the hobgoblin.
You kill the hobgoblin!
Items here: ))) † a club; a dagger x2; a goblin corpse It was a potion of degeneration.
There was something very wrong with that liquid.
You feel weakened.
You feel dopey.
You feel clumsy.
You bottle the corpse's blood.
You can't pick that up.
Items here: ! ))) ÷ a potion of blood; a club; a dagger x2; a goblin skeleton
q - 10 potions of blood (gained 1)
Items here: ))) ÷ a club; a dagger x2; a goblin skeleton Robin roars a battlecry!
You hear a shout! x2
Robin is too close now for your liking.
Health restored: 24 Yummy - fresh blood!
Yummy - fresh blood!
A goblin comes into view.
Robin throws the goblin at you!
You barely miss the goblin.
The goblin shouts!
The goblin closely misses you.
You closely miss the goblin. Robin throws the goblin at you!
The goblin hits you but does no damage. The goblin hits you.
You closely miss the goblin.
Robin roars a battlecry!
The goblin goes into a battle-frenzy!
The goblin completely misses you. The goblin hits you.
You hear a shout! x2
You take 7 damage, and have 17/24 hp.
MASSIVE DAMAGE!!
You hit the goblin.
The goblin is severely wounded.
The goblin completely misses you. The goblin hits you.
You take 1 damage, and have 16/24 hp.
You miss the goblin.
The goblin is severely wounded.
The goblin closely misses you. The goblin hits you.
* * * LOW HITPOINT WARNING * * *
You take 6 damage, and have 10/24 hp.
MASSIVE DAMAGE!!
You barely miss the goblin.
The goblin is severely wounded.
The goblin hits you with a dagger.
* * * LOW HITPOINT WARNING * * *
The goblin misses you.
You take 6 damage, and have 4/24 hp.
MASSIVE DAMAGE!!
You closely miss the goblin.
The goblin is severely wounded.
The goblin hits you but does no damage. The goblin closely misses you.
The goblin shouts!
You hit the goblin.
You kill the goblin!
Robin throws the goblin at you!
* * * LOW HITPOINT WARNING * * *
The goblin barely misses you.
Okay, then.
It was a potion of curing.
You feel better. The goblin hits you but does no damage. The goblin misses you.
You regained 7 hp, and now have 11/24 hp.
You hit the goblin but do no damage.
The goblin no longer looks unusually strong.
The goblin misses you.
You hit the goblin.
The goblin is severely wounded.
The goblin no longer looks unusually strong.
The goblin hits you with a dagger.
* * * LOW HITPOINT WARNING * * *
The goblin hits you with a club.
* * * LOW HITPOINT WARNING * * *
A frilled lizard comes into view.
You take 6 damage, and have 5/24 hp.
MASSIVE DAMAGE!!
It was a potion of flight.
You feel very buoyant.
You fly up into the air.
The goblin hits you with a dagger.
* * * LOW HITPOINT WARNING * * *
The goblin hits you with a club.
* * * LOW HITPOINT WARNING * * *
A goblin comes into view. It is wielding a dagger.
You take 4 damage, and have 1/24 hp.
It was a potion of cancellation.
Your magical effects are unravelling.
You feel magically purged.
You float gracefully downwards.
The goblin hits you with a dagger.
You die...

#.# #..........
#.# #.#######.#
#.# #.# #.# #.#
#.# #..
###.###.# #.#
#..
........######.
#...#
###.###........
#.#.# #g#######
# @# #@# # #g#
#.# #gg....#
#.. #......#
### ##......#
g.l.... ##....#
.#.## ...#


You could see Robin, 4 goblins and a frilled lizard (wandering).

Vanquished Creatures
  An adder (D:2)
  2 dart slugs (D:1)
  A leopard gecko (D:1)
  A ball python (D:2)
  3 giant cockroaches
  8 hobgoblins
  4 jackals (D:2)
  4 bats (D:1)
  6 goblins
  6 kobolds
36 creatures vanquished.

Notes
Turn   | Place    | Note
-------+----------+-------------------------------------------
     0 | D:1      | Monsterracer the Vampire Wizard began the quest for the Orb.
     0 | D:1      | Reached XP level 1. HP: 13/13 MP: 4/4
   218 | D:1      | HP: 6/13 [leopard gecko (5)]
   220 | D:1      | HP: 2/13 [leopard gecko (3)]
   493 | D:1      | Reached skill level 1 in Unarmed Combat
   617 | D:1      | Reached XP level 2. HP: 18/19 MP: 0/6
   840 | D:1      | Learned a level 2 spell: Blink
  1645 | D:2      | Reached XP level 3. HP: 24/24 MP: 2/7
  1829 | D:2      | Noticed Sigmund
  1901 | D:2      | Noticed Robin
  1931 | D:2      | HP: 11/24 [goblin/club[Robin] (3)]
  1941 | D:2      | HP: 11/24 [hobgoblin[Robin] (2)]
  2086 | D:2      | HP: 10/24 [goblin[Robin] (6)]
  2087 | D:2      | HP: 4/24 [goblin/dagger[Robin] (6)]
  2092 | D:2      | HP: 8/24 [goblin/dagger[Robin] (4)]
  2093 | D:2      | HP: 2/24 [goblin/dagger[Robin] (3)]
  2094 | D:2      | Slain by a goblin

Skill      XL: |  1  2 |
---------------+-------+-----
Unarmed Combat | 1 3 |  3.8
Dodging        | |  2.1
Stealth        | |  3.0
Spellcasting   | |  3.0
Conjurations   | |  0.6
Summonings     | |  1.0
Translocations | |  0.7

Action                   || total
-------------------------++-------
Melee: Unarmed           ||   166
       Bite              ||    10
 Cast: Magic Dart        ||    49
  Use: Potion            ||    15
 Stab: Sleeping          ||     1
Armor: Robe              ||    29
Dodge: Dodged            ||   123

Vault maps used:
D:1:      sevenhm_arrival_forest_fort_small_3
D:2:      nicolae_ru_sacrificial_ziggurat, chequers_ecumenical_altar_simple,
          uniq_robin, uniq_crazy_yiuf_cottage, uniq_sigmund
